3L
CLEVELAND BROWNS @ HOUSTON 1837 BBC
08/09/2039
 
TOP OF THE 1ST
Cleveland Browns batting - Pitching for Houston 1837 BBC : RHP Horiuchi Tanaka
Pitching: RHP Horiuchi Tanaka
Batting: RHB Carlos Martínez 0-0: Ball
1-0: Foul Ball, location: 2F
1-1: Foul Ball, location: 2F
1-2: Ball
2-2: Fly out, F7 (Flyball, 7, EV 94.4 MPH)
Batting: LHB Danny Rodríguez 0-0: SINGLE (Line Drive, 4D, EV 98.1 MPH)
Batting: LHB Sadatake Abe 0-0: Ball
1-0: Ball
2-0: Ball
3-0: Base on Balls
Danny Rodríguez to second
Batting: LHB Lauren Hilfiker 0-0: Swinging Strike
0-1: Fly out, F9 (Flyball, 9S, EV 89.4 MPH)
Batting: LHB León Castillo 0-0: Ball
1-0: Foul Ball, location: 2F
1-1: Fly out, F7 (Flyball, 78S, EV 89.4 MPH)
Top of the 1st over - 0 runs, 1 hit, 0 errors, 2 left on base; Cleveland 0 - Houston 0
BOTTOM OF THE 1ST
Houston 1837 BBC batting - Pitching for Cleveland Browns : RHP Jay Cannon
Pitching: RHP Jay Cannon
Batting: RHB Jon Huband 0-0: Ball
1-0: Foul Ball, location: 2F
1-1: Swinging Strike
1-2: Strikes out swinging
Batting: LHB Javier Seco 0-0: Called Strike
0-1: Swinging Strike
0-2: Foul Ball, location: 2F
0-2: Foul Ball, location: 2F
0-2: Ball
1-2: Ball
2-2: Ball
3-2: Fly out, F7 (Flyball, 7D, EV 81.2 MPH)
Batting: RHB Adam Smith 0-0: Swinging Strike
0-1: Foul Ball, location: 2F
0-2: Ball
1-2: Ball
2-2: Foul Ball, location: 2F
2-2: Fly out, F6 (Popup, 6MS, EV 68.1 MPH)
Bottom of the 1st over - 0 runs, 0 hits, 0 errors, 0 left on base; Cleveland 0 - Houston 0
TOP OF THE 2ND
Cleveland Browns batting - Pitching for Houston 1837 BBC : RHP Horiuchi Tanaka
Batting: RHB Katsuhiko Ishihara 0-0: Ball
1-0: Swinging Strike
1-1: Ball
2-1: Ball
3-1: Base on Balls
Batting: SHB Jhett Larson 0-0: Swinging Strike
0-1: Ball
1-1: Ball
2-1: Fielders Choice at 2nd, 5-4 (Groundball, 56S, EV 86.9 MPH)
Batting: RHB Jack Bonner 0-0: Called Strike
Jhett Larson steals 2nd base
0-1: Swinging Strike
0-2: Ground out 5-3 (Groundball, 56S, EV 86.9 MPH)
Batting: RHB Yu-shu Tseng 0-0: Foul Ball, location: 2F
0-1: Swinging Strike
0-2: Ball
1-2: Strikes out swinging
Top of the 2nd over - 0 runs, 0 hits, 0 errors, 1 left on base; Cleveland 0 - Houston 0
BOTTOM OF THE 2ND
Houston 1837 BBC batting - Pitching for Cleveland Browns : RHP Jay Cannon
Batting: RHB Krystof Melichar 0-0: Called Strike
0-1: Ball
1-1: Ball
2-1: Ball
3-1: SINGLE (Line Drive, 89M, EV 106.2 MPH)
Batting: LHB Bill Dixon 0-0: Called Strike
0-1: Ball
1-1: Ball
2-1: Ball
3-1: Called Strike
3-2: Foul Ball, location: 2F
3-2: Ground out 4-3 (Groundball, 4, EV 88.1 MPH)
Krystof Melichar to second
Batting: LHB César Gómes 0-0: Called Strike
Krystof Melichar steals 3rd base
0-1: Fly out, F2 (Popup, 3SF, EV 81.2 MPH)
Batting: SHB Yeow-whye Zhu 0-0: Ball
1-0: Ball
2-0: Ball
3-0: Called Strike
3-1: Base on Balls
Batting: RHB David Elías 0-0: Ball
1-0: Foul Ball, location: 2F
1-1: Foul Ball, location: 2F
1-2: Ball
2-2: Foul Ball, location: 2F
2-2: Fielders Choice at 2nd, 6-4 (Groundball, 6, EV 106.2 MPH)
Bottom of the 2nd over - 0 runs, 1 hit, 0 errors, 2 left on base; Cleveland 0 - Houston 0
TOP OF THE 3RD
Cleveland Browns batting - Pitching for Houston 1837 BBC : RHP Horiuchi Tanaka
Batting: RHB Carlos Martínez 0-0: Ball
1-0: Ball
2-0: Ball
3-0: Called Strike
3-1: Base on Balls
Batting: LHB Danny Rodríguez 0-0: Called Strike
0-1: Called Strike
0-2: Fly out, F8 (Flyball, 8RD, EV 95.0 MPH)
Batting: LHB Sadatake Abe 0-0: Called Strike
0-1: Ball
1-1: Foul Ball, location: 2F
1-2: Foul Ball, location: 2F
1-2: 2-RUN HOME RUN (Flyball, 7LD, EV 89.4 MPH), Distance : 360 ft
Batting: LHB Lauren Hilfiker 0-0: Ball
1-0: Called Strike
1-1: Ball
2-1: Ball
3-1: SINGLE (Groundball, 5D, EV 93.8 MPH)
Batting: LHB León Castillo 0-0: Ball
1-0: Foul Ball, location: 2F
1-1: Fly out, F8 (Flyball, 8RS, EV 89.4 MPH)
Batting: RHB Katsuhiko Ishihara 0-0: Ball
1-0: Ball
2-0: Fielders Choice at 2nd, 6-4 (Groundball, 6, EV 89.4 MPH)
Top of the 3rd over - 2 runs, 2 hits, 0 errors, 1 left on base; Cleveland 2 - Houston 0
BOTTOM OF THE 3RD
Houston 1837 BBC batting - Pitching for Cleveland Browns : RHP Jay Cannon
Batting: LHB Ramiro Palmeiro 0-0: Foul Ball, location: 2F
0-1: Foul Ball, location: 2F
0-2: Strikes out looking
Batting: RHB Jon Huband 0-0: Ball
1-0: Called Strike
1-1: Swinging Strike
1-2: Ball
2-2: Strikes out swinging
Batting: LHB Javier Seco 0-0: Ball
1-0: Ball
2-0: Ball
3-0: Called Strike
3-1: SINGLE (Groundball, 56D, EV 105.0 MPH)
Batting: RHB Adam Smith 0-0: Ball
1-0: Ball
2-0: Ball
3-0: Base on Balls
Javier Seco to second
Batting: RHB Krystof Melichar 0-0: Swinging Strike
0-1: Foul Ball, location: 2F
0-2: Fly out, F9 (Flyball, 9S, EV 81.2 MPH)
Bottom of the 3rd over - 0 runs, 1 hit, 0 errors, 2 left on base; Cleveland 2 - Houston 0
TOP OF THE 4TH
Cleveland Browns batting - Pitching for Houston 1837 BBC : RHP Horiuchi Tanaka
Batting: SHB Jhett Larson 0-0: Ground out 4-3 (Groundball, 4M, EV 98.1 MPH)
Batting: RHB Jack Bonner 0-0: Ball
1-0: Ball
2-0: Called Strike
2-1: Ball
3-1: Base on Balls
Batting: RHB Yu-shu Tseng 0-0: Ball
1-0: Ball
2-0: SINGLE (Groundball, 6MD, EV 96.9 MPH)
Jack Bonner to second
Batting: RHB Carlos Martínez 0-0: Swinging Strike
0-1: Ball
1-1: Ball
2-1: Ball
3-1: Called Strike
3-2: Base on Balls
Jack Bonner to third
Yu-shu Tseng to second
Batting: LHB Danny Rodríguez 0-0: Foul Ball, location: 2F
0-1: Foul Ball, location: 2F
0-2: Strikes out swinging
Batting: LHB Sadatake Abe 0-0: Foul Ball, location: 2F
0-1: Foul Ball, location: 2F
0-2: Ground out 1-3 (Groundball, 34S, EV 77.5 MPH)
Top of the 4th over - 0 runs, 1 hit, 0 errors, 3 left on base; Cleveland 2 - Houston 0
BOTTOM OF THE 4TH
Houston 1837 BBC batting - Pitching for Cleveland Browns : RHP Jay Cannon
Batting: LHB Bill Dixon 0-0: Ball
1-0: Foul Ball, location: 2F
1-1: Swinging Strike
1-2: Foul Ball, location: 2F
1-2: Foul Ball, location: 2F
1-2: Ball
2-2: Strikes out swinging
Batting: LHB César Gómes 0-0: Ball
1-0: Ball
2-0: Ball
3-0: Base on Balls
Batting: SHB Yeow-whye Zhu 0-0: Ball
Wild Pitch!
César Gómes to second
1-0: Swinging Strike
1-1: Ball
2-1: Fly out, F7 (Line Drive, 7D, EV 96.2 MPH)
Batting: RHB David Elías 0-0: Ball
1-0: Ball
2-0: Swinging Strike
2-1: Swinging Strike
2-2: Foul Ball, location: 2F
2-2: Foul Ball, location: 2F
2-2: Foul Ball, location: 2F
2-2: Foul Ball, location: 2F
2-2: Strikes out swinging
Bottom of the 4th over - 0 runs, 0 hits, 0 errors, 1 left on base; Cleveland 2 - Houston 0
TOP OF THE 5TH
Cleveland Browns batting - Pitching for Houston 1837 BBC : RHP Horiuchi Tanaka
Batting: LHB Lauren Hilfiker 0-0: Swinging Strike
0-1: Ball
1-1: Ground out 4-3 (Groundball, 4, EV 102.5 MPH)
Batting: LHB León Castillo 0-0: Ball
1-0: Called Strike
1-1: Ball
2-1: Ball
3-1: Base on Balls
Batting: RHB Katsuhiko Ishihara 0-0: Called Strike
0-1: Grounds into double play, 6-4-3 (Groundball, 6D, EV 90.0 MPH)
Top of the 5th over - 0 runs, 0 hits, 0 errors, 0 left on base; Cleveland 2 - Houston 0
BOTTOM OF THE 5TH
Houston 1837 BBC batting - Pitching for Cleveland Browns : RHP Jay Cannon
Batting: LHB Ramiro Palmeiro 0-0: Ball
1-0: Ground out 5-3 (Groundball, 56S, EV 69.4 MPH)
Batting: RHB Jon Huband 0-0: Ball
1-0: Ball
2-0: Ball
3-0: Called Strike
3-1: Foul Ball, location: 2F
3-2: Foul Ball, location: 2F
3-2: Base on Balls
Batting: LHB Javier Seco 0-0: Ball
1-0: Called Strike
1-1: Swinging Strike
1-2: Ball
2-2: Grounds into double play, 1-6-3 (Groundball, 13S, EV 60.6 MPH)
Bottom of the 5th over - 0 runs, 0 hits, 0 errors, 0 left on base; Cleveland 2 - Houston 0
TOP OF THE 6TH
Cleveland Browns batting - Pitching for Houston 1837 BBC : RHP Horiuchi Tanaka
Pitching: RHP Roy Lowe
Batting: SHB Jhett Larson 0-0: Called Strike
0-1: Fly out, F8 (Flyball, 8LM, EV 92.5 MPH)
Batting: RHB Jack Bonner 0-0: Ball
1-0: Ball
2-0: Ball
3-0: Base on Balls
Batting: RHB Yu-shu Tseng 0-0: Swinging Strike
0-1: Ball
1-1: Ball
2-1: Ball
3-1: SINGLE (Line Drive, 34, EV 96.2 MPH)
Jack Bonner to second
Batting: RHB Carlos Martínez 0-0: Ball
1-0: Ball
2-0: Called Strike
2-1: Foul Ball, location: 2F
2-2: Ball
3-2: Base on Balls
Jack Bonner to third
Yu-shu Tseng to second
Pitching: LHP Luis Oropeza
Batting: LHB Danny Rodríguez 0-0: Ball
1-0: Called Strike
1-1: Ball
2-1: Foul Ball, location: 2F
2-2: Strikes out swinging
Batting: LHB Sadatake Abe 0-0: Ball
1-0: Ground out 6-3 (Groundball, 6S, EV 65.6 MPH)
Top of the 6th over - 0 runs, 1 hit, 0 errors, 3 left on base; Cleveland 2 - Houston 0
BOTTOM OF THE 6TH
Houston 1837 BBC batting - Pitching for Cleveland Browns : RHP Jay Cannon
Batting: RHB Adam Smith 0-0: Ball
1-0: Foul Ball, location: 2F
1-1: SINGLE (Line Drive, 4M, EV 109.4 MPH)
Pitching: RHP Mark Erwin
Batting: RHB Krystof Melichar 0-0: Fly out, F9 (Flyball, 9, EV 89.4 MPH)
Batting: LHB Bill Dixon 0-0: Called Strike
0-1: Foul Ball, location: 2F
0-2: Ball
1-2: Fly out, F9 (Flyball, 89D, EV 100.6 MPH)
Batting: LHB César Gómes 0-0: SINGLE (Groundball, 3D, EV 109.4 MPH)
Adam Smith to second
Runner from 2nd tries for 3rd, SAFE, no throw by RF
Batting: SHB Yeow-whye Zhu 0-0: Ball
1-0: Ground out 6-3 (Groundball, 6S, EV 77.5 MPH)
Bottom of the 6th over - 0 runs, 2 hits, 0 errors, 2 left on base; Cleveland 2 - Houston 0
TOP OF THE 7TH
Cleveland Browns batting - Pitching for Houston 1837 BBC : LHP Luis Oropeza
Batting: LHB Lauren Hilfiker 0-0: Ground out 1-3 (Groundball, 25, EV 83.8 MPH)
Batting: LHB León Castillo 0-0: Ball
1-0: Called Strike
1-1: Fly out, F5 (Popup, 56, EV 61.9 MPH)
Batting: RHB Katsuhiko Ishihara 0-0: Called Strike
0-1: Ball
1-1: Swinging Strike
1-2: Ball
2-2: SINGLE (Line Drive, 3D, EV 99.4 MPH)
Batting: SHB Jhett Larson 0-0: Called Strike
0-1: Ball
1-1: Ball
2-1: Swinging Strike
2-2: Ball
3-2: Strikes out swinging
Top of the 7th over - 0 runs, 1 hit, 0 errors, 1 left on base; Cleveland 2 - Houston 0
BOTTOM OF THE 7TH
Houston 1837 BBC batting - Pitching for Cleveland Browns : RHP Mark Erwin
Batting: RHB David Elías 0-0: Called Strike
0-1: Swinging Strike
0-2: Ball
1-2: Foul Ball, location: 2F
1-2: Strikes out swinging
Batting: LHB Ramiro Palmeiro 0-0: Ball
1-0: Ball
2-0: Foul Ball, location: 2F
2-1: Ball
3-1: Foul Ball, location: 2F
3-2: Strikes out swinging
Batting: RHB Jon Huband 0-0: Called Strike
0-1: SINGLE (Line Drive, 6D, EV 100.6 MPH)
Batting: LHB Javier Seco 0-0: Ball
1-0: Foul Ball, location: 2F
1-1: Ball
2-1: Swinging Strike
2-2: Ground out 4-3 (Groundball, 4S, EV 68.8 MPH)
Bottom of the 7th over - 0 runs, 1 hit, 0 errors, 1 left on base; Cleveland 2 - Houston 0
TOP OF THE 8TH
Cleveland Browns batting - Pitching for Houston 1837 BBC : LHP Luis Oropeza
Batting: RHB Jack Bonner 0-0: Swinging Strike
0-1: Fly out, F7 (Flyball, 7S, EV 87.5 MPH)
Batting: RHB Yu-shu Tseng 0-0: Ball
1-0: Called Strike
1-1: Fly out, F7 (Line Drive, 7, EV 85.6 MPH)
Batting: RHB Carlos Martínez 0-0: Ball
1-0: Called Strike
1-1: Ball
2-1: Foul Ball, location: 2F
2-2: Ball
3-2: Ground out 4-3 (Groundball, 4MS, EV 85.0 MPH)
Top of the 8th over - 0 runs, 0 hits, 0 errors, 0 left on base; Cleveland 2 - Houston 0
BOTTOM OF THE 8TH
Houston 1837 BBC batting - Pitching for Cleveland Browns : RHP Mark Erwin
Batting: RHB Adam Smith 0-0: Called Strike
0-1: Fly out, F6 (Popup, 6, EV 76.2 MPH)
Batting: RHB Krystof Melichar 0-0: Called Strike
0-1: Called Strike
0-2: Ball
1-2: Ball
2-2: Foul Ball, location: 2F
2-2: Foul Ball, location: 2F
2-2: SINGLE (Groundball, 56, EV 108.8 MPH) (infield hit)
Batting: LHB Bill Dixon 0-0: Called Strike
0-1: Called Strike
0-2: Ball
1-2: Strikes out swinging
Batting: LHB César Gómes 0-0: Called Strike
0-1: Ball
1-1: SINGLE (Groundball, 34, EV 82.5 MPH) (infield hit)
Krystof Melichar to second
Pitching: RHP Tomás Huesca
Batting: SHB Yeow-whye Zhu 0-0: Ball
1-0: Ball
2-0: Ball
3-0: Base on Balls
Krystof Melichar to third
César Gómes to second
Batting: RHB David Elías 0-0: Fly out, F7 (Flyball, 7S, EV 90.0 MPH)
Bottom of the 8th over - 0 runs, 2 hits, 0 errors, 3 left on base; Cleveland 2 - Houston 0
TOP OF THE 9TH
Cleveland Browns batting - Pitching for Houston 1837 BBC : LHP Luis Oropeza
Batting: LHB Danny Rodríguez 0-0: Ball
1-0: Called Strike
1-1: Ball
2-1: Called Strike
2-2: Strikes out swinging
Batting: LHB Sadatake Abe 0-0: Called Strike
0-1: Ball
1-1: Foul Ball, location: 2F
1-2: Foul Ball, location: 2F
1-2: Ball
2-2: Ground out 5-3 (Groundball, 5, EV 93.8 MPH)
Pitching: LHP Alfredo Córdova
Batting: LHB Lauren Hilfiker 0-0: Ball
1-0: Foul Ball, location: 2F
1-1: Ball
2-1: Ball
3-1: Swinging Strike
3-2: Strikes out swinging
Top of the 9th over - 0 runs, 0 hits, 0 errors, 0 left on base; Cleveland 2 - Houston 0
BOTTOM OF THE 9TH
Houston 1837 BBC batting - Pitching for Cleveland Browns : RHP Tomás Huesca
Pitching: LHP Nick Altrock
Batting: LHB Ramiro Palmeiro 0-0: Foul Ball, location: 2F
0-1: Called Strike
0-2: Strikes out looking
Batting: RHB Jon Huband 0-0: Ball
1-0: Swinging Strike
1-1: Foul Ball, location: 2F
1-2: Ball
2-2: SINGLE (Line Drive, 56, EV 94.4 MPH)
Batting: LHB Javier Seco 0-0: Ball
1-0: SINGLE (Groundball, 56D, EV 100.0 MPH)
Jon Huband to second
Batting: RHB Adam Smith 0-0: Ball
1-0: Ball
2-0: SINGLE (Line Drive, 7S, EV 99.4 MPH)
Jon Huband to third
Javier Seco to second
Batting: RHB Krystof Melichar 0-0: Ball
1-0: Fly out, F2 (Popup, 3SF, EV 78.1 MPH)
Pinch Hitting: RHB Min-gook Ch'oe 0-0: Ball
1-0: Foul Ball, location: 2F
1-1: Swinging Strike
1-2: SINGLE (Line Drive, 56D, EV 105.0 MPH)
Jon Huband scores
Javier Seco to third
Adam Smith to second
Batting: LHB César Gómes 0-0: Called Strike
0-1: Swinging Strike
0-2: Fly out, F9 (Flyball, 9, EV 86.9 MPH)
Bottom of the 9th over - 1 run, 4 hits, 0 errors, 3 left on base; Cleveland 2 - Houston 1
Wednesday, July 8th, 2020 - OOTP Baseball 20.8 Build 74